 Dungeon Crawl Stone Soup version 0.31-a0-1611-g890cdf5 (webtiles) character file.

Game seed: 6030531268237822617

252 PidgeyThePirate the Chopper (level 5, -2/42 HPs)
             Began as a Demonspawn Chaos Knight on Jan 8, 2024.
             Was a Plaything of Xom.
             Slain by an orc
             ... wielding a +0 dagger
              (5 damage)
             ... on level 4 of the Dungeon.
             The game lasted 00:05:19 (2459 turns).

PidgeyThePirate the Chopper (DsCK)                  Turns: 2459, Time: 00:05:19

Health: -2/42      AC: 11    Str: 15    XL:     5   Next: 89%
Magic:  5/5        EV: 12    Int: 12    God:    Xom [*.....]
Gold:   218        SH:  0    Dex: 12    Spells: 4/4 levels left

rFire   . . .        a - +0 hand axe (chaos)
rCold   . . .        (no shield)
rNeg    . . .        b - +2 leather armour
rPois   .            (helmet restricted)
rElec   .            (no cloak)
rCorr   .            g - +0 pair of gloves
SInv    .            (no boots)
Will    +....        (no amulet)
Stlth   +            u - ring of willpower
HPRegen 0.27/turn    n - +4 ring of protection
MPRegen 0.09/turn

%: clarity
@: lethally poisoned (-2 -> -5), on fire, glowing
A: antennae 1, sharp scales 1, condensation shield, clarity
a: Renounce Religion


You were on level 4 of the Dungeon.
You worshipped Xom.
You were a special plaything of Xom.
You visited 1 branch of the dungeon, and saw 4 of its levels.

You collected 218 gold pieces.

Inventory:

Hand Weapons
 a - a +0 hand axe of chaos (weapon)
Missiles
 h - 3 silver javelins (quivered)
Armour
 b - a +2 leather armour (worn)
 g - a +0 pair of gloves (worn)
 r - a +1 plate armour of cold resistance
Jewellery
 f - a ring of poison resistance
 n - a +4 ring of protection (right hand)
 p - a ring of wizardry
 u - a ring of willpower (left hand)
Scrolls
 c - 3 scrolls of butterflies
 d - a scroll of fog {unknown}
 e - 2 scrolls of vulnerability {unknown}
 j - a scroll of immolation {unknown}
 k - 2 scrolls of blinking {unknown}
 s - 5 scrolls of identify {unknown}
Potions
 i - 2 potions of curing {unknown}
 l - a potion of degeneration {unknown}
 m - a potion of lignification {unknown}
 o - 2 potions of heal wounds {unknown}
 q - a potion of might {unknown}
 t - a potion of brilliance {unknown}
 v - a potion of cancellation {unknown}


   Skills:
 + Level 3.9 Fighting
 + Level 4.5 Axes
 + Level 2.6 Armour
 + Level 2.1 Dodging
 + Level 0.5 Stealth
 + Level 0.5 Shields


You had 4 spell levels left.
You didn't know any spells.
Your spell library contained the following spells:

 Spells                   Type           Power      Damage    Failure   Level
 Apportation              Tloc           0%         N/A       38%         1
 Necrotise                Necr           0%         1d4       38%         1
 Sting                    Conj/Alch      0%         1d3       38%         1
 Summon Small Mammal      Summ           0%         N/A       38%         1
 Summon Blazeheart Golem  Fire/Summ      0%         N/A       99%         4
 Orb of Destruction       Conj           0%         9d5       100%        7
 Spellforged Servitor     Conj/Summ      0%         N/A       100%        7


Dungeon Overview and Level Annotations

Branches:
Dungeon (4/15)
 Temple: D:4-7

Altars:
Qazlal

Shops:
D:2 ?   D:4 :

Annotations:
D:4 1 runed translucent door, Crazy Yiuf


Innate Abilities, Weirdness & Mutations

You have a pair of small antennae on your head.
You are partially covered in razor-sharp scales. (AC +1, Slay +1)
A meltable shield of frost defends you. (SH +0)
You possess an exceptional clarity of mind.


Message History

The adder bites you but does no damage.
The bombardier beetle bites you but does no damage.
You hit the orc wizard.
The orc wizard seems to speed up.
The orc wizard is severely wounded.
You hit the adder but do no damage. You hit the bombardier beetle.
You feel better.
You hit something.
Reactivating autopickup.
You feel a bit more experienced. The liquid fire burns you!
You feel sick.
You hear Xom's avuncular chuckle.
The bombardier beetle seems to speed up.
You kill the bombardier beetle!
The orc wizard gestures at you while chanting.
You resist with almost no effort. The adder bites you but does no damage.
The orc wizard barely misses you.
You closely miss the orc wizard.
The orc wizard is severely wounded.
You hit the adder. You hit the orc.
The orc seems to grow stronger.
You closely miss the hobgoblin. The liquid fire burns you!
You feel sick.
The hobgoblin hits you but does no damage.
The orc wizard hits you with a +0 dagger.
The orc hits you with a +0 dagger. The adder barely misses you.
You closely miss the orc wizard.
The orc wizard is severely wounded.
You hit the hobgoblin. You hit the adder but do no damage.
The adder suddenly seems more resistant.
You hit the orc. You freeze the orc. The liquid fire burns you!
* * * LOW HITPOINT WARNING * * *
You feel sick.
You kill the adder!
The orc wizard gestures at you while chanting.
The magic dart hits you!
* * * LOW HITPOINT WARNING * * *
You emit a cloud of colourful smoke!
The orc hits you with a +0 dagger.
You die...

##.....................
.).....)..........(....
#.....................
####.....................
..##.....................
#.##...J.................
#########.##...oo)...............
....≈≈.≈≈.....Sg@§......†........
#≈≈≈.≈≈≈.#...§.§...............
###≈≈≈.≈≈≈.#.....................
......∩..........................
...≈≈≈.≈≈≈##.....................
...≈≈≈.≈≈≈.#.....................
....≈≈.≈≈..###..#######...#######
....#..#...###..### #...#
....##.#...##.....# #...#


You could see an orc wizard (fast), an adder, an orc (strong), an endoplasm and
a hobgoblin.

Vanquished Creatures
  2 bombardier beetles
  A sleepcap (D:3)
  An orc wizard (D:4)
  5 adders
  A ribbon worm (D:3)
  5 dart slugs
  3 orcs
  5 bats
  7 endoplasms
  2 giant cockroaches (D:1)
  3 hobgoblins
  7 jackals
  4 quokkas
  11 ball pythons
  8 frilled lizards
  5 goblins
  4 kobolds
  10 rats
84 creatures vanquished.

Vanquished Creatures (collateral kills)
  A dart slug (D:3)
  A ball python (D:3)
  An endoplasm (D:3)
  A goblin (D:3)
4 creatures vanquished.

Vanquished Creatures (others)
  An endoplasm zombie (D:3)
1 creature vanquished.

Grand Total: 89 creatures vanquished

Notes
Turn   | Place    | Note
-------+----------+-------------------------------------------
     0 | D:1      | PidgeyThePirate the Demonspawn Chaos Knight began the quest
                  | for the Orb.
     0 | D:1      | Reached XP level 1. HP: 18/18 MP: 1/1
    70 | D:1      | Reached skill level 3 in Axes
    98 | D:1      | Gained mutation: You are partially covered in razor-sharp
                  | scales. (AC +1, Slay +1) [demonic ancestry]
    98 | D:1      | Reached XP level 2. HP: 21/24 MP: 2/2
   102 | D:1      | XOM: silly message
   140 | D:1      | Reached skill level 1 in Dodging
   522 | D:1      | Gained mutation: A meltable shield of frost defends you.
                  | (SH +0) [demonic ancestry]
   522 | D:1      | Reached XP level 3. HP: 27/29 MP: 3/3
   736 | D:2      | XOM: stat loss: -1 Str (13/14)
   837 | D:2      | XOM: 8-stop teleportation journey
  1130 | D:2      | Gained mutation: You have a pair of small antennae on your
                  | head. [demonic ancestry]
  1130 | D:2      | Reached XP level 4. HP: 30/35 MP: 4/4
  1277 | D:2      | Found Zaumeaf's Magic Scroll Shop.
  1320 | D:2      | XOM: silly message
  1409 | D:2      | XOM: torment (19/35 hp)
  1664 | D:3      | XOM: silly message
  1770 | D:3      | Found a stormy altar of Qazlal.
  1777 | D:3      | XOM: give mutation
  1777 | D:3      | Gained mutation: You possess an exceptional clarity of
                  | mind. [Xom's mischief]
  1919 | D:3      | XOM: summons friendly iron imp
  1932 | D:3      | Reached skill level 4 in Axes
  1991 | D:3      | Reached XP level 5. HP: 42/42 MP: 5/5
  2253 | D:4      | Found a runed translucent door.
  2254 | D:4      | Noticed Crazy Yiuf
  2272 | D:4      | Found Seskuam's Self-Improvement Boutique.
  2444 | D:4      | XOM: polymorph orc -> bombardier beetle
  2457 | D:4      | XOM: enchant monster (bad)
  2459 | D:4      | XOM: smoke on damage
  2459 | D:4      | Slain by an orc

Illustrated notes

Levels and vault maps discovered:
D:1:      minmay_arrival_four_loops, layout_basic, minmay_statues_item,
          nrook_campfire
D:2:      layout_loops_corners, serial_shops, nicolae_shop_trees,
          minmay_tiny_reverse_x
D:3:      minmay_octagon_keep, layout_rooms, mainiacjoe_overflow_tiny_flanked
D:4:      layout_basic, minmay_strange_pillars, nicolae_shop_self_help,
          uniq_crazy_yiuf_cottage

Skill      XL: |  1  2  3  4 |
---------------+-------------+-----
Axes           | 3 4 |  4.5
Armour         | 2 |  2.6
Dodging        | 1 2 |  2.1
Fighting       | |  3.9
Stealth        | |  0.5
Shields        | |  0.5

Action                     |  1- 3 |  4- 6 || total
---------------------------+-------+-------++-------
  Melee: Hand axe          |   101 |   109 ||   210
         Punch             |     1 |     2 ||     3
 Armour: Leather armour    |    77 |    63 ||   140
  Dodge: Dodged            |    73 |    58 ||   131
  Block: Other             |    12 |    18 ||    30

Table legend: (Time is in decaauts)
 A = Elapsed time spent in this place.
 B = Non-inter-level travel time spent in this place.
 C = Inter-level travel time spent in this place.
 D = Time resting spent in this place.
 E = Time spent auto-exploring this place.
 F = Levels seen in this place.
 G = Mean time per level.
                   A        B        C        D        E       F      G
               +--------+--------+--------+--------+--------+-----+--------+
         Total |   2481 |   2374 |    107 |      0 |   1652 |   4 |  620.2 |
       Dungeon |   2481 |   2374 |    107 |      0 |   1652 |   4 |  620.2 |
               +--------+--------+--------+--------+--------+-----+--------+

Top non-repeatable levels by time:
     D:2: 1020 daAuts
     D:3: 628 daAuts
     D:1: 614 daAuts
     D:4: 218 daAuts
